 Dungeon Crawl Stone Soup version 0.31-a0-986-g5e6e4ef867 (webtiles) character file.

Game seed: 14637474524438384766

16 gelatine the Digger (level 2, -4/16 HPs)
             Began as a Gargoyle Earth Elementalist on Nov 11, 2023.
             Slain by Terence
             ... wielding a +0 flail of holy wrath
              (12 damage)
             ... on level 2 of the Dungeon.
             The game lasted 00:01:27 (888 turns).

gelatine the Digger (Gargoyle Earth Elementalist)    Turns: 888, Time: 00:01:28

Health: -4/16      AC:  5    Str: 11    XL:     2   Next: 58%
Magic:  1/5        EV: 12    Int: 15    God:
Gold:   26         SH:  0    Dex: 10    Spells: 2/5 levels left

rFire   . . .        (no weapon)
rCold   . . .        (no shield)
rNeg    + . .        a - +0 robe
rPois   ∞            (no helmet)
rElec   +            (no cloak)
rCorr   .            (no gloves)
SInv    .            h - +0 pair of boots
Will    .....        (no amulet)
Stlth   ++           (no ring)
HPRegen 0.22/turn    (no ring)
MPRegen 0.09/turn

%: no passive effects
@: no status effects
A: sickness immunity, AC +2, negative energy resistance 1, electricity
resistance, torment resistance 1, petrification resistance
a: no special abilities


You were on level 2 of the Dungeon.
You visited 1 branch of the dungeon, and saw 2 of its levels.

You collected 26 gold pieces.

Inventory:

Armour
 a - a +0 robe (worn)
 h - a +0 pair of boots (worn)
Scrolls
 c - 2 scrolls of teleportation {unknown}
 f - a scroll of acquirement {unknown}
 g - a scroll of amnesia {unknown}
 i - a scroll of immolation {unknown}
Potions
 b - a potion of magic
 d - a potion of haste {unknown}
 e - a potion of resistance {unknown}
 j - a potion of attraction {unknown}


   Skills:
 * Level 0.6 Fighting
 + Level 1.8 Dodging
 + Level 2.1 Stealth
 + Level 2.0 Spellcasting
 + Level 0.7 Transmutations
 * Level 4.3 Earth Magic


You had 2 spell levels left.
You knew the following spells:

 Your Spells              Type           Power      Damage    Failure   Level
a - Sandblast             Erth           28%        2d8       3%          1
b - Passwall              Tmut/Erth      7%         N/A       12%         2

Your spell library contained the following spells:

 Spells                   Type           Power      Damage    Failure   Level
 Stone Arrow              Conj/Erth      14%        3d7       28%         3
 Petrify                  Tmut/Erth      9%         N/A       61%         4
 Brom's Barrelling Bould  Conj/Erth      7%         2d3       67%         4


Dungeon Overview and Level Annotations

Branches:
Dungeon (2/15)

Altars:

Annotations:
D:2 Terence


Innate Abilities, Weirdness & Mutations

You are immune to sickness and miasma.
Your stone body is resilient. (AC +2)
You are immune to poison.
You resist negative energy. (rN+)
You are resistant to electric shocks. (rElec)
You are resistant to unholy torment.
You are immune to petrification.


Message History

A ball python comes into view.
The ball python hisses angrily.
The blast of sand misses the ball python.
The blast of sand hits the ball python.
The ball python is severely wounded.
The ball python closely misses you. The ball python misses you.
The ball python bites you but does no damage.
The ball python closely misses you.
The blast of sand hits the ball python!
You kill the ball python!
You see here a ball python corpse.
Done exploring.
Done exploring.
Done exploring.
You see here a ball python corpse.
There is an open door here.
There is an open door here.
There is a stone staircase leading down here.
You climb downwards.
Terence shouts!
The goblin shouts!
You hear a shout!
There is a stone staircase leading up here.
The blast of sand hits the goblin.
You kill the goblin!
The blast of sand misses Terence.
The blast of sand hits Terence.
Terence is moderately wounded.
A hobgoblin comes into view.
Terence hits you with a +0 flail of holy wrath!
Ouch! That really hurt!
You are too injured to fight recklessly!
Unknown command.
Aiming: Sandblast (safe; 3% risk of failure)
Press: ? - help, Q - select action, (/) - cycle Shift-Dir - straight line, f/p - Terence
Aim: Terence, wielding a +0 flail of holy wrath and wearing a +0 scale mail (moderately wounded, 84% to hit)
The blast of sand hits Terence but does no damage.
Terence is moderately wounded.
The hobgoblin shouts!
Terence hits you with a +0 flail of holy wrath!
Ouch! That really hurt!
You die...

...........#
#..........#
...........#
...........#
...........#
...........#
......)@...####
#.g.@.......
#.##########


You could see Terence and a hobgoblin.

Vanquished Creatures
  An endoplasm (D:1)
  2 giant cockroaches (D:1)
  2 hobgoblins (D:1)
  4 ball pythons (D:1)
  2 frilled lizards (D:1)
  3 goblins
  2 rats (D:1)
16 creatures vanquished.

Notes
Turn   | Place    | Note
-------+----------+-------------------------------------------
     0 | D:1      | gelatine the Gargoyle Earth Elementalist began the quest
                  | for the Orb.
     0 | D:1      | Reached XP level 1. HP: 10/10 MP: 3/3
   229 | D:1      | Reached skill level 4 in Earth Magic
   229 | D:1      | Reached XP level 2. HP: 15/15 MP: 3/5
   232 | D:1      | Learned a level 2 spell: Passwall
   884 | D:2      | Identified the of Rukkaix
   884 | D:2      | Noticed Terence
   888 | D:2      | Slain by Terence

Illustrated notes

Levels and vault maps discovered:
D:1:      dpeg_arrival_renting, layout_basic
D:2:      layout_basic, serial_shops, nicolae_shop_competitors_out_of_business,
          uniq_crazy_yiuf_cottage, uniq_terence

Skill      XL: |  1 |
---------------+----+-----
Earth Magic    | 4 |  4.3
Fighting       | |  0.6
Dodging        | |  1.8
Stealth        | |  2.1
Spellcasting   | |  2.0
Transmutations | |  0.7

Action                     || total
---------------------------++-------
   Cast: Sandblast         ||    23
 Armour: Robe              ||     3
  Dodge: Dodged            ||     3

Table legend: (Time is in decaauts)
 A = Elapsed time spent in this place.
 B = Non-inter-level travel time spent in this place.
 C = Inter-level travel time spent in this place.
 D = Time resting spent in this place.
 E = Time spent auto-exploring this place.
 F = Levels seen in this place.
 G = Mean time per level.
                   A        B        C        D        E       F      G
               +--------+--------+--------+--------+--------+-----+--------+
         Total |    898 |    831 |     67 |      0 |    745 |   2 |  449.0 |
       Dungeon |    898 |    831 |     67 |      0 |    745 |   2 |  449.0 |
               +--------+--------+--------+--------+--------+-----+--------+

Top non-repeatable levels by time:
     D:1: 893 daAuts
     D:2: 5 daAuts
